Map: New Gettysburg LE

Players

Hydra - Winner!

  • Race: Zerg Zerg

Welmu

  • Race: Protoss Protoss

Event: 2016 WCS Summer Circuit Championship (DH Montreal)

VOD

https://www.youtube.com/watch?v=LaWFWwdpCzU

Description

Time

  • Played on: Aug. 12, 2016, 11:57 a.m.
  • Length: 10:35

All games in this series

Show
View Real Time Build Order
Export as new Build Order

Hydra Zerg - Winner!

Build Orders: Hatch First 

Get SALT Encoding   

  12  0:00  Drone  
  13  0:08  Drone  
  14  0:17  Overlord  
  14  0:22  Extractor  
  14  0:23  Drone  
  15  0:45  Hatchery  
  15  0:49  Drone  
  15  0:52  Drone  
  15  0:56  Drone  
  17  1:00  Drone  
  18  1:06  Extractor  
  17  1:17  Spawning Pool  
  16  1:19  Drone  
  16  1:22  Drone  
  18  1:32  Drone  
  19  1:42  Overlord  
  19  2:04  Drone, Queen x2, Zergling x2  
  19  2:06  Drone  
  27  2:08  Drone  
  27  2:13  Metabolic Boost  
  27  2:17  Drone  
  27  2:20  Drone  
  29  2:25  Drone  
  29  2:29  Drone  
  31  2:38  Zergling x2  
  32  2:46  Hatchery  
  32  2:48  Zergling x2  
  32  2:53  Pneumatized Carapace  
  32  2:56  Overlord  
  32  2:59  Drone  
  32  3:01  Drone  
  32  3:04  Drone  
  35  3:09  Drone  
  36  3:15  Drone x2  
  36  3:16  Drone x2  
  36  3:17  Drone  
  36  3:19  Drone  
  42  3:21  Drone  
  43  3:32  Baneling Nest, Queen  
  44  3:36  Overlord  
  44  3:45  Overlord  
  44  3:54  Drone x2, Extractor  
  44  3:55  Drone x2  
  46  3:57  Zergling x4  
  48  4:02  Queen  
  48  4:04  Roach Warren, Zergling x6  
  52  4:13  Zergling x6  
  52  4:15  Zergling x6  
  58  4:22  Zergling x2  
  59  4:24  Baneling  
  59  4:25  Baneling  
  59  4:26  Baneling x2, Zergling x2  
  59  4:27  Zergling x2  
  61  4:32  Zergling x2  
  61  4:35  Overlord  
  62  4:44  Roach  
  62  4:45  Roach  
  65  4:47  Overlord x3  
  64  4:56  Roach x4  
  72  5:03  Overlord  
  72  5:04  Lair  
  73  5:07  Roach  
  67  5:23  Zergling x14  
  67  5:27  Drone x4  
  67  5:28  Extractor  
  75  5:29  Zergling x4  
  75  5:33  Baneling x3  
  75  5:34  Baneling x2  
  77  5:36  Zergling x2  
  77  5:41  Zergling x6  
  81  5:49  Zergling x8  
  85  5:51  Drone  
  85  5:56  Roach  
  90  5:57  Roach x2  
  88  6:06  Roach x3  
  88  6:10  Glial Reconstitution  
  89  6:20  Roach x2  
  93  6:28  Roach x2  
  93  6:31  Roach  
  99  6:35  Roach  
  101  6:40  Zergling x2  
  101  6:41  Zergling x6  
  86  6:54  Zergling x14  
  90  7:06  Roach  
  90  7:07  Roach x2  
  87  7:12  Roach  
  83  7:17  Roach  
  80  7:24  Roach x2  
  80  7:29  Roach x2  
  86  7:31  Ravager x2  
  86  7:32  Ravager  
  86  7:34  Zergling x2  
  79  7:54  Roach x4  
  79  7:57  Roach  
  87  8:02  Ravager  
  84  8:06  Roach x2  
  84  8:16  Roach x3  
  86  8:26  Roach x3  
  83  8:39  Roach x3  
  78  8:54  Drone x2  
  78  8:55  Drone  
  79  9:02  Drone x3  
  77  9:11  Drone x2  
  77  9:12  Drone  
  76  9:18  Drone  
  76  9:22  Drone  
  76  9:31  Drone  
  76  9:33  Ravager  
  76  9:34  Drone  
  79  9:39  Drone  
  79  9:40  Ravager  
  79  9:41  Ravager x2  
  79  9:43  Drone  
  84  9:46  Drone  
  84  9:48  Drone  
  84  9:52  Drone  
  87  9:54  Drone  
  87  10:04  Roach x2  
  87  10:05  Roach  
  89  10:11  Roach  
  89  10:12  Roach  
Show
View Real Time Build Order
Export as new Build Order

Welmu Protoss 

Build Orders: 1 Gate Expand 

Get SALT Encoding   

  12  0:00  Probe (Chrono Boost)  
  13  0:11  Probe (Chrono Boost)  
  14  0:20  Pylon  
  14  0:22  Probe (Chrono Boost)  
  15  0:38  Probe (Chrono Boost), Gateway  
  16  0:49  Probe (Chrono Boost), Assimilator  
  17  0:59  Probe (Chrono Boost)  
  18  1:10  Probe (Chrono Boost)  
  19  1:21  Nexus  
  19  1:31  Cybernetics Core  
  19  1:34  Probe (Chrono Boost)  
  19  1:38  Assimilator  
  20  1:45  Probe (Chrono Boost)  
  21  1:50  Pylon  
  21  1:55  Probe (Chrono Boost)  
  22  2:04  Adept  
  22  2:07  Probe (Chrono Boost)  
  22  2:08  Warp Gate  
  25  2:19  Probe (Chrono Boost)  
  26  2:26  Twilight Council  
  26  2:28  Adept  
  27  2:31  Probe (Chrono Boost)  
  27  2:35  Probe (Chrono Boost)  
  30  2:43  Probe (Chrono Boost)  
  31  2:45  Probe (Chrono Boost)  
  31  2:49  Resonating Glaives  
  32  2:54  Probe (Chrono Boost)  
  32  2:55  Adept  
  32  2:56  Probe (Chrono Boost)  
  36  3:05  Probe (Chrono Boost)  
  37  3:08  Probe (Chrono Boost)  
  38  3:15  Probe (Chrono Boost), Gateway  
  40  3:21  Probe (Chrono Boost)  
  40  3:23  Gateway  
  40  3:28  Probe (Chrono Boost)  
  40  3:31  Adept  
  40  3:33  Probe (Chrono Boost)  
  44  3:36  Pylon  
  44  3:38  Probe (Chrono Boost)  
  45  3:45  Probe (Chrono Boost)  
  46  3:54  Probe (Chrono Boost)  
  47  3:55  Gateway  
  47  3:56  Gateway  
  47  4:00  Gateway  
  47  4:05  Gateway  
  47  4:14  Adept x2  
  50  4:19  Gateway  
  50  4:29  Adept  
  50  4:31  Pylon  
  50  4:54  Adept x2  
  50  4:57  Pylon  
  50  4:58  Pylon  
  54  5:01  Pylon  
  54  5:05  Pylon  
  54  5:09  Probe (Chrono Boost)  
  54  5:10  Probe (Chrono Boost)  
  54  5:20  Adept  
  56  5:22  Adept x2  
  56  5:25  Adept x3  
  68  5:29  Mothership Core (Chrono Boost)  
  68  5:30  Adept  
  68  5:34  Gateway  
  69  5:45  Adept x6  
  81  6:04  Adept x2  
  85  6:12  Pylon  
  85  6:14  Pylon  
  85  6:15  Pylon  
  85  6:17  Pylon  
  81  6:23  Adept x2  
  85  6:30  Adept x3  
  85  6:31  Adept  
  85  6:32  Adept x2  
  75  7:04  Adept x4  
  75  7:05  Adept x4  
  77  7:26  Adept x5  
  77  7:27  Adept x3  
  75  7:52  Adept  
  75  7:53  Adept x7  
  87  8:00  Pylon  
  79  8:17  Adept x3  
  79  8:18  Adept x5  
  73  8:36  Adept  
  73  8:38  Adept x5  
  69  8:53  Robotics Facility  
  63  8:59  Sentry  
  63  9:01  Assimilator  
  63  9:03  Assimilator  
  45  9:21  Mothership Core (Chrono Boost)  
  45  9:23  Adept x3  
  49  9:35  Warp Prism  
  49  9:36  Adept x2  
  53  9:44  Probe (Chrono Boost)  
  57  9:45  Probe (Chrono Boost)  
  57  9:48  Adept x3  
  63  10:06  Adept x2  
  61  10:10  Adept  
Tags
 
Add a new tag
Caveats
  • Supply blocks, unpowered buildings, or Contaminate may cause inaccurate times.
  • Supply counts are checked every 10 seconds.